 Dungeon Crawl Stone Soup version 0.32-a0-666-ge8a88695a4 (webtiles) character file.

Game seed: 2881685385225428011

40465 Aldia the Carver (level 12, -1/104 HPs)
             Began as a Vampire Enchanter on Mar 9, 2024.
             Was a High Priest of Ru.
             Slain by a death yak (21 damage)
             ... on level 5 of the Lair of Beasts.
             The game lasted 00:52:25 (14610 turns).

Aldia the Carver (Vampire Enchanter)               Turns: 14610, Time: 00:52:26

Health: -1/104     AC: 11    Str:  7    XL:     12   Next: 74%
Magic:  16/18      EV: 19    Int: 22    God:    Ru [*****.]
Gold:   2460       SH:  2    Dex: 15    Spells: 4/19 levels left

rFire   + . .        H - +4 double sword (freeze)
rCold   . . .        (shield unavailable)
rNeg    + . .        p - +2 robe {rN+}
rPois   .            u - +0 helmet
rElec   .            d - +1 cloak
rCorr   .            D - +1 pair of gloves
SInv    +            (no boots)
Will    +....        A - amulet of regeneration
Stlth   +++++        (ring unavailable)
HPRegen 1.37/turn    k - ring of the Octopus King {rF+ HP+2 AC+2 EV+2 SH+2}
MPRegen 0.16/turn

%: no passive effects
@: animating dead, healing quickly, studying Fighting
A: alive, fangs 3, see invisible, missing a hand, no conjurations magic, no fire
magic, no alchemy magic, inexperienced 1, vampiric 2, no forms
a: Exsanguinate, Renounce Religion, Draw Out Power, Power Leap, Apocalypse


You were on level 5 of the Lair of Beasts.
You worshipped Ru.
Ru was extremely pleased with you.
You visited 3 branches of the dungeon, and saw 17 of its levels.
You also visited: Ossuary and Bailey.

You collected 2742 gold pieces.
You spent 282 gold pieces at shops.

Inventory:

Hand Weapons
 b - the +1 dagger of Yga Pier {drain, Dex+6}
   (You found it in a bailey)

   Dex+6:     It affects your dexterity (+6).
 H - a +4 double sword of freezing (weapon)
 I - a +4 scimitar of flaming
 O - a +1 demon trident of draining
Missiles
 C - 2 curare-tipped darts (quivered)
Armour
 d - a +1 cloak (worn)
 p - a +2 robe of positive energy (worn)
 s - the +4 robe of Folly {Brill Will-∞ Int+8}
   (You acquired it on level 10 of the Dungeon)

   Brill:     It increases the power of your magical spells and halves their MP
   cost (rounding up).
   Will-∞: It reduces your willpower to zero.
   Int+8:     It affects your intelligence (+8).
 u - a +0 helmet (worn)
 D - a +1 pair of gloves (worn)
 J - the +2 leather armour of the Cooper {Str+3}
   (You found it on level 7 of the Dungeon)

   Str+3:     It affects your strength (+3).
 W - a +1 plate armour of positive energy
 X - a +1 ring mail of willpower
Jewellery
 a - a +5 ring of evasion
 h - a +5 ring of evasion
 k - a ring of the Octopus King (right hand) {rF+ HP+2 AC+2 EV+2 SH+2}
   (You found it on level 2 of the Dungeon)

   [ring of protection from fire]

   AC+2:      It affects your AC (+2).
   EV+2:      It affects your evasion (+2).
   rF+:       It protects you from fire.
   HP+2:      It affects your health (+2).
   SH+2:      It affects your SH (+2).
 A - an amulet of regeneration (around neck)
 F - an amulet of faith
 P - a ring of wizardry
 Q - a ring of protection from fire
 T - a ring of wizardry
Wands
 i - a wand of roots (4)
 y - a wand of mindburst (37)
 V - a wand of charming (4)
 Y - a wand of quicksilver (5)
Scrolls
 f - 2 scrolls of revelation
 j - 2 scrolls of noise
 l - a scroll of silence
 n - 6 scrolls of teleportation
 t - a scroll of brand weapon
 w - 2 scrolls of immolation
 x - a scroll of blinking
 B - 6 scrolls of poison
 G - a scroll of fog
 K - a scroll of vulnerability
 N - 2 scrolls of amnesia
 S - a scroll of fear
 U - a scroll of torment
 Z - a scroll of summoning
Potions
 c - a potion of invisibility
 e - 4 potions of heal wounds
 g - 6 potions of curing
 m - 2 potions of ambrosia
 q - 2 potions of might
 r - 2 potions of haste
 v - 4 potions of attraction
 z - 3 potions of brilliance
 E - 4 potions of magic
 L - a potion of enlightenment
 M - 4 potions of mutation
 R - 2 potions of cancellation


   Skills:
 - Level 12.0 Fighting
 - Level 8.0(12.6) Short Blades
 * Level 14.1(14.8) Long Blades
 - Level 3.0 Armour
 + Level 9.6 Dodging
 - Level 12.0 Stealth
 - Level 4.0 Spellcasting
 - Level 8.0 Hexes
 - Level 7.0 Necromancy
 - Level 1.0 Ice Magic


You had 4 spell levels left.
You knew the following spells:

 Your Spells              Type           Power      Damage    Failure   Level
a - Animate Dead          Necr           35%        N/A       6%          4
b - Confusing Touch       Hex            39%        N/A       1%          3
c - Tukima's Dance        Hex            39%        N/A       1%          3
d - Summon Mana Viper     Hex/Summ       22%        N/A       52%         5

Your spell library contained the following spells:

 Spells                   Type           Power      Damage    Failure   Level
 Necrotise                Necr           100%       1d9       1%          1
 Vampiric Draining        Necr           35%        2d8       1%          3
 Ensorcelled Hibernation  Hex/Ice        48%        N/A       2%          2
 Apportation              Tloc           8%         N/A       11%         1
 Summon Small Mammal      Summ           16%        N/A       11%         1
 Lesser Beckoning         Tloc           8%         N/A       17%         2
 Dimensional Bullseye     Hex/Tloc       11%        N/A       22%         4
 Martyr's Knell           Necr/Summ      19%        N/A       26%         4
 Gell's Gravitas          Tloc           4%         N/A       32%         3
 Teleport Other           Tloc           4%         N/A       32%         3
 Curse of Agony           Necr           35%        N/A       17%         5
 Summon Forest            Summ/Tloc      2%         N/A       97%         5
 Summon Cactus Giant      Summ           2%         N/A       100%        6
 Haunt                    Necr/Summ      9%         N/A       100%        7
 Malign Gateway           Summ/Tloc      2%         N/A       100%        7
 Infestation              Necr           17%        N/A       100%        8
 Summon Horrible Things   Summ           2%         N/A       100%        8
 Dazzling Flash           Conj/Hex       Unusable   N/A       N/A         3
 Sting                    Conj/Alch      Unusable   1d4       N/A         1
 Iskenderun's Mystic Bla  Conj/Tloc      Unusable   2d3       N/A         4

Dungeon Overview and Level Annotations

Branches:
Dungeon (11/15)            Temple (1/1) D:7            Lair (5/5) D:10
 Shoals (0/4) Lair:3       Spider (0/4) Lair:3          Orc (0/2) D:10
Ossuary (visited)          Bailey (visited)
  Slime: Lair:4-5

Altars:
Ashenzari
Cheibriados
Dithmenos
Fedhas
Gozag
Hepliaklqana
Kikubaaqudgha
Makhleb
Nemelex Xobeh
Okawaru
Qazlal
Ru
Sif Muna
Trog
Uskayaw
Vehumet
Wu Jian
Xom
Yredelemnul

Shops:
D:2 *   D:3 *   D:9 *

Annotations:
D:5 exclusions: 2 orcs and orc priest
D:6 1 runed translucent door, lunkers's ghost, novice CoBr
D:11 Urug
Lair:2 exclusion: 3 death yaks


Innate Abilities, Weirdness & Mutations

Your natural rate of healing is accelerated.
You have razor-sharp teeth.
You have supernaturally acute eyesight. (SInv)
You are missing a hand.
You cannot study or cast Conjurations magic.
You cannot study or cast Fire magic.
You cannot study or cast Alchemy magic.
You are somewhat inexperienced. (-1 XL)
You are afflicted with vampirism and can become a bat while bloodless.
You cannot voluntarily change form.


Message History

The death yak is heavily wounded.
The death yak completely misses you.
You slash the death yak! You freeze the death yak.
The death yak is severely wounded.
Your death yak zombie gores the death yak but does no damage.
You hit the death yak. You freeze the death yak.
The death yak is severely wounded.
The death yak gores you!
* * * LOW HITPOINT WARNING * * *
The yak snorts and paws the ground.
Your death yak zombie gores the death yak!!
You hit the death yak. You freeze the death yak.
You bite the death yak, but do no damage.
The death yak is severely wounded.
The death yak gores you.
* * * LOW HITPOINT WARNING * * *
You slash the death yak! You freeze the death yak. You bite the death yak.
The death yak is almost dead.
Your death yak zombie gores the death yak but does no damage.
The death yak gores you.
* * * LOW HITPOINT WARNING * * *
You hit the death yak. You freeze the death yak.
You kill the death yak!
The dead are walking!
Your death yak zombie gores the yak!
You feel much better. The yak gores your death yak zombie!
Unknown command.
Unknown command.
You barely miss the death yak.
The death yak is moderately wounded.
The death yak gores you!!
* * * LOW HITPOINT WARNING * * *
Your death yak zombie barely misses the yak.
You slash the death yak! You freeze the death yak.
The death yak is heavily wounded.
The death yak is stunned by your conviction and fails to attack.
You slash the death yak! You freeze the death yak.
The death yak is severely wounded.
Your death yak zombie gores the yak.
The death yak gores you!!
You die...
Ru respects your ultimate sacrifice.

#......#.....ß.....#
#........#..†.†..####
..^..........<.##...#
..........##†......#
#...........P.#.##
#..........##..#
#####.........# ### Y
#.#.#Z.##.###.#
.Y##.Y#@###### ###
....#YY## #
......YY.#.#
.......Z.$.#
.......†........
................
................
#...............
##..(...........


You could see a death yak (ally target), 3 yaks and 2 friendly death yak
zombies.

Vanquished Creatures
  Erica (D:8)
  4 hydras
  2 two-headed ogres (D:11)
  6 death yaks
  Amaemon (Lair:1)
  A lindwurm (Lair:3)
  Pikel (D:6)
  A cyclops (D:10)
  9 black mambas
  2 torpor snails
  An orange demon (Lair:1)
  8 cane toads
  3 komodo dragons
  2 rime drakes
  A hornet (D:8)
  19 blink frogs
  3 dream sheep
  Sigmund (D:3)
  3 wyverns
  31 yaks
  3 wraiths
  4 basilisks
  2 redbacks (Lair:3)
  A steam dragon (Lair:2)
  3 acid dragons
  9 water moccasins
  6 orc warriors
  2 sky beasts
  4 black bears
  2 ice beasts
  2 ogres
  12 wolves
  6 centaurs
  A phantom (D:10)
  A kobold brigand (D:9)
  9 bullfrogs
  3 gnoll sergeants
  12 scorpions
  4 wights (D:8)
  2 troll zombies (D:10)
  7 killer bees
  7 howler monkeys
  5 centaur zombies (Ossuary)
  5 hounds
  7 orc priests
  3 human zombies (Ossuary)
  2 bombardier beetles
  A gnoll bouda (Lair:3)
  3 jellies
  3 iguanas
  Terence (D:3)
  3 scorpion zombies (Ossuary)
  5 sleepcaps
  6 orc wizards
  6 ogre zombies (D:10)
  4 mummies
  15 gnolls
  10 adders
  A white imp (D:6)
  4 adder zombies (Ossuary)
  5 ribbon worms
  31 orcs
  5 ball pythons
  2 bats
  4 endoplasms
  5 giant cockroaches
  7 gnoll zombies
  10 hobgoblins
  3 quokkas
  2 ball python zombies (Ossuary)
  2 frilled lizards
  5 gnoll skeletons (D:10)
  12 goblins
  22 kobolds
  6 orc skeletons (D:10)
  10 orc zombies
  8 rats
425 creatures vanquished.

Vanquished Creatures (collateral kills)
  An orc warlord (D:10)
  A hydra (Lair:4)
  An elephant (Lair:3)
  A torpor snail (Lair:4)
  A komodo dragon (Lair:5)
  5 blink frogs
  A dream sheep (Lair:3)
  7 yaks
  A basilisk (Lair:3)
  2 wolves (Lair:5)
  A centaur (Lair:3)
  A wight (D:8)
23 creatures vanquished.

Vanquished Creatures (others)
  2 dream sheep zombies (Lair:3)
  3 blink frog zombies (Lair:3)
  A wolf (Lair:1)
  A torpor snail zombie (Lair:5)
  5 yak zombies
  3 centaur zombies (Lair:3)
  A basilisk zombie (Lair:3)
16 creatures vanquished.

Grand Total: 464 creatures vanquished

Notes
Turn   | Place    | Note
-------+----------+-------------------------------------------
     0 | D:1      | Aldia the Vampire Enchanter began the quest for the Orb.
     0 | D:1      | Reached XP level 1. HP: 13/13 MP: 3/3
   117 | D:1      | Reached skill level 5 in Stealth
   117 | D:1      | Reached XP level 2. HP: 19/19 MP: 5/5
   120 | D:1      | Learned a level 2 spell: Ensorcelled Hibernation
   674 | D:2      | Gained mutation: You are afflicted with vampirism and can
                  | become a bat while bloodless. [Vampire growth]
   674 | D:2      | Reached XP level 3. HP: 17/19 MP: 6/6
   678 | D:2      | Learned a level 3 spell: Confusing Touch
   702 | D:2      | Found the ring of the Octopus King
   710 | D:2      | Identified a ring of the Octopus King {rF+ HP+2 AC+2 EV+2
                  | SH+2}
   729 | D:2      | Reached skill level 1 in Ice Magic
   767 | D:2      | Reached XP level 4. HP: 24/24 MP: 7/7
   921 | D:2      | Found Fokuacex's General Store.
   928 | D:2      | Bought a scroll of teleportation for 30 gold pieces
  1489 | D:3      | Found Ipruak's General Store.
  1499 | D:3      | Bought a scroll of identify for 24 gold pieces
  1499 | D:3      | Bought a potion of might for 48 gold pieces
  1537 | D:3      | Reached skill level 5 in Hexes
  1604 | D:3      | Noticed Sigmund
  1626 | D:3      | Killed Sigmund
  1627 | D:3      | Reached XP level 5. HP: 28/28 MP: 0/8
  1627 | D:3      | Reached XP level 6. HP: 32/32 MP: 0/9
  2150 | D:3      | Noticed Terence
  2157 | D:3      | Killed Terence
  2158 | D:3      | Reached skill level 5 in Short Blades
  2357 | D:4      | Found an iron altar of Okawaru.
  2357 | D:4      | Found a hazy altar of Hepliaklqana.
  2421 | D:4      | Found a sand-covered staircase.
  2434 | D:4      | Learned a level 3 spell: Tukima's Dance
  2435 | Ossuary  | Entered an ossuary
  2561 | Ossuary  | Reached XP level 7. HP: 37/37 MP: 11/11
  2571 | Ossuary  | Reached skill level 1 in Fighting
  2926 | Ossuary  | Reached XP level 8. HP: 42/44 MP: 11/14
  3073 | D:4      | Found a radiant altar of Vehumet.
  3383 | D:4      | Reached skill level 5 in Dodging
  3551 | D:4      | Found a broken altar of Ashenzari.
  3683 | D:5      | Entered Level 5 of the Dungeon
  3935 | D:5      | Reached skill level 5 in Fighting
  3992 | D:5      | Reached XP level 9. HP: 54/54 MP: 15/15
  4032 | D:5      | Identified the +7 whip "Feiwk" {freeze, ^Fragile rN+ rCorr
                  | Stlth+}
  4362 | D:6      | Found a runed translucent door.
  4364 | D:6      | Noticed lunkers's ghost (novice CoBr)
  4574 | D:6      | Found a blossoming altar of Fedhas.
  4706 | D:6      | You fall into a shaft and drop 3 floors!
  4749 | D:8      | Noticed Erica
  4767 | D:8      | Killed Erica
  4768 | D:8      | Reached skill level 10 in Stealth
  5407 | D:7      | Found a staircase to the Ecumenical Temple.
  5415 | Temple   | Entered the Ecumenical Temple
  5422 | Temple   | Became a worshipper of Ru the Awakened
  5442 | D:7      | Identified the +2 leather armour of the Cooper {Str+3}
  5503 | D:7      | Reached XP level 10. HP: 59/59 MP: 3/16
  5832 | D:6      | Reached skill level 1 in Long Blades
  5832 | D:6      | Reached skill level 1 in Shields
  5889 | D:6      | Found a basalt altar of Yredelemnul.
  5892 | D:6      | Noticed Pikel
  5895 | D:6      | Killed Pikel
  5896 | D:6      | Reached skill level 2 in Long Blades
  6214 | D:7      | Found a shimmering altar of Xom.
  6447 | D:7      | Reached skill level 3 in Long Blades
  6738 | D:8      | Found a burning altar of Makhleb.
  6788 | D:8      | Gained mutation: You cannot voluntarily change form. [Ru
                  | sacrifice]
  6854 | D:8      | Found a hide-covered altar of Uskayaw.
  7212 | D:9      | Reached skill level 4 in Long Blades
  7362 | D:9      | Found a shimmering blue altar of Sif Muna.
  7551 | D:9      | Found a bloodstained altar of Trog.
  7684 | D:9      | Found Gozag's Platinum Reserve.
  7693 | D:9      | Found an opulent altar of Gozag.
  7916 | D:9      | Reached skill level 5 in Long Blades
  8011 | D:10     | Entered Level 10 of the Dungeon
  8034 | D:10     | Found an ornate altar of the Wu Jian Council.
  8217 | D:10     | Found a flagged portal.
  8227 | Bailey   | Entered a bailey
  8232 | Bailey   | Noticed an orc warlord
  8392 | Bailey   | Found a runed translucent gate.
  8394 | Bailey   | Found a runed translucent gate.
  8396 | Bailey   | Found a runed translucent gate.
  8502 | Bailey   | Identified the +1 dagger of Yga Pier {drain, Dex+6}
  8741 | D:10     | Reached skill level 6 in Long Blades
  8909 | D:3      | Bought a scroll of revelation for 90 gold pieces
  8909 | D:3      | Bought a scroll of revelation for 90 gold pieces
  9043 | D:10     | Found a staircase to the Orcish Mines.
  9067 | D:10     | Gained mutation: You are somewhat inexperienced. (-1 XL)
                  | [Ru sacrifice]
  9067 | D:10     | Reached XP level 9. HP: 75/75 MP: 15/15
  9067 | D:10     | Reached * piety under Ru
  9067 | D:10     | Reached ** piety under Ru
  9068 | D:10     | Acquired 1226 gold pieces
  9071 | D:10     | Acquired the +4 robe of Folly {Brill Will-∞ Int+8}
  9071 | D:10     | Found the +4 robe of Folly {Brill Will-∞ Int+8}
  9156 | D:10     | Reached XP level 10. HP: 69/80 MP: 16/16
  9218 | D:10     | Found a staircase to the Lair.
  9374 | D:10     | Reached skill level 7 in Long Blades
  9517 | D:10     | Killed an orc warlord
  9525 | D:10     | Acquired a +3 double sword of electrocution
  9696 | D:11     | Noticed a two-headed ogre
  9701 | D:11     | Killed a two-headed ogre
  9702 | D:11     | Reached skill level 8 in Long Blades
  9731 | D:11     | Noticed a two-headed ogre
  9734 | D:11     | Noticed a centaur warrior
  9734 | D:11     | Noticed a boulder beetle
  9734 | D:11     | Noticed Urug
  9746 | D:11     | Killed a two-headed ogre
  9753 | D:11     | Noticed a hell knight
  9803 | Lair:1   | Entered Level 1 of the Lair of Beasts
  9803 | Lair:1   | Noticed Amaemon
  9818 | Lair:1   | Killed Amaemon
  9926 | Lair:1   | Noticed a six-headed hydra
  9934 | Lair:1   | Killed a one-headed hydra
  9935 | Lair:1   | Reached skill level 10 in Fighting
  9935 | Lair:1   | Reached skill level 9 in Long Blades
 10800 | Lair:2   | Reached skill level 10 in Long Blades
 10855 | Lair:2   | Gained mutation: You are missing a hand. [Ru sacrifice]
 10855 | Lair:2   | Reached *** piety under Ru
 10855 | Lair:2   | Reached **** piety under Ru
 10862 | Lair:2   | Noticed a death yak
 10862 | Lair:2   | Noticed a death yak
 10862 | Lair:2   | Noticed a death yak
 11149 | Lair:2   | Reached XP level 11. HP: 92/92 MP: 17/17
 11193 | Lair:2   | Noticed an eight-headed hydra
 11201 | Lair:2   | Killed a four-headed hydra
 11369 | Lair:2   | Noticed a death yak
 11370 | Lair:2   | Noticed a death yak
 11370 | Lair:2   | Noticed a death yak
 11427 | Lair:2   | Killed a death yak
 11432 | Lair:2   | Killed a death yak
 11439 | Lair:2   | Killed a death yak
 11537 | Lair:2   | Learned a level 4 spell: Animate Dead
 11631 | Lair:2   | Noticed a death yak
 11632 | Lair:2   | Noticed a death yak
 11829 | Lair:3   | Noticed an eight-headed hydra
 11839 | Lair:2   | Killed a two-headed hydra
 11840 | Lair:2   | Reached skill level 11 in Long Blades
 11840 | Lair:2   | Reached skill level 1 in Necromancy
 12335 | Lair:3   | Noticed an eight-headed hydra
 12344 | Lair:3   | Killed a five-headed hydra
 12395 | Lair:3   | Reached skill level 12 in Long Blades
 12576 | Lair:3   | Noticed a death yak
 12602 | Lair:3   | Killed a death yak
 12655 | Lair:3   | Noticed a dire elephant
 12675 | Lair:3   | Found a runed translucent door.
 12795 | Lair:3   | Found a hole to the Spider Nest.
 12915 | Lair:3   | Reached XP level 12. HP: 81/100 MP: 13/18
 12926 | Lair:3   | Reached skill level 5 in Necromancy
 12937 | Lair:3   | Found a staircase to the Shoals.
 13672 | Lair:4   | Gained mutation: You cannot study or cast Fire magic. [Ru
                  | sacrifice]
 13672 | Lair:4   | Gained mutation: You cannot study or cast Alchemy magic.
                  | [Ru sacrifice]
 13672 | Lair:4   | Gained mutation: You cannot study or cast Conjurations
                  | magic. [Ru sacrifice]
 13672 | Lair:4   | Reached ***** piety under Ru
 13690 | Lair:4   | Reached skill level 13 in Long Blades
 13836 | Lair:4   | Reached skill level 1 in Armour
 13854 | Lair:4   | Acquired 537 gold pieces
 14493 | Lair:5   | Entered Level 5 of the Lair of Beasts
 14548 | Lair:5   | Learned a level 5 spell: Summon Mana Viper
 14587 | Lair:5   | Reached skill level 14 in Long Blades
 14610 | Lair:5   | Slain by a death yak

Illustrated notes

Levels and vault maps discovered:
D:1:      sevenhm_arrival_forest_fort_small_3, layout_rooms, minmay_heptomino_h4
D:2:      layout_loops_corners, serial_shops, shop
D:3:      layout_loops_ring, serial_shops, shop, kennysheep_big_empty_room,
          uniq_sigmund, uniq_terence
D:4:      layout_basic, overflow_temple_1_default, grunt_temple_overflow_open,
          lemuel_round_altar, portal_sewer_entry_e, gup_ossuary_entry_pyramid
D:5:      layout_basic, minmay_between
D:6:      layout_basic, lemuel_round_altar, mainiacjoe_overflow_tiny_flanked,
          ebering_ghost_reflecting_pool, uniq_pikel
D:7:      layout_loops_cross, general_overflow_altar,
          mainiacjoe_overflow_cross_hatched, minmay_temple_entry_proselytizer
D:8:      layout_basic, lightli_temple_of_fire, eat_drink_and_be_merry_uskayaw,
          uniq_erica
D:9:      layout_roguey, mainiacjoe_overflow_catwalk, trog_three_pillars_becter,
          nicolae_gozag_zags_fifth_avenue
D:10:     layout_rooms, old_standard_altar, lair_entry_dummy, zombieorc2_lemuel,
          enter_bailey_5
D:11:     layout_stronghold, nicolae_doodle_vault, uniq_urug, uniq_lodul,
          uniq_maurice
Temple:   hellmonk_temple_micro_hex
Lair:1:   layout_cave_pods, chequers_serial_rivers_micro_b, uniq_amaemon
Lair:2:   layout_cave_pods
Lair:3:   gammafunk_lair_enchanted_lake, layout_cave_shapes,
          minmay_shoals_entry_centaurs, spider_nest_entry_funnel_web,
          dreamdust_gnoll_shepherd, lemuel_fruit_tree, grunt_megastairs_2,
          infiniplex_staircase_pool
Lair:4:   layout_small_grid
Lair:5:   wormcave, layout_cave_shapes, slime_entry_1, grunt_megastairs_5

Skill      XL: |  1  2  3  4  5  6  7  8  9 10 11 12 |
---------------+-------------------------------------+-----
Stealth        | 5 7 8 11 12 | 12.0
Short Blades   | 2 4 5 7 8 |  8.0
Ice Magic      | 1 |  1.0
Hexes          | 5 8 |  8.0
Fighting       | 1 5 10 11 12 | 12.0
Spellcasting   | 4 |  4.0
Dodging        | 3 6 7 9 |  9.6
Long Blades    | 10 12 14 | 14.1
Shields        | 0 |  0.0
Necromancy     | 4 7 |  7.0
Armour         | 3 |  3.0

Action                     |  1- 3 |  4- 6 |  7- 9 | 10-12 || total
---------------------------+-------+-------+-------+-------++-------
  Melee: Dagger            |    50 |   110 |   286 |   284 ||   730
         Bite              |     3 |    14 |    38 |   145 ||   200
         Scimitar          |       |       |    25 |   192 ||   217
         Double sword      |       |       |       |   544 ||   544
   Cast: Ensorcelled Hiber |     1 |    10 |    77 |    38 ||   126
         Confusing Touch   |       |     3 |    10 |     6 ||    19
         Tukima's Dance    |       |       |     4 |     3 ||     7
         Animate Dead      |       |       |       |     5 ||     5
 Invoke: Sacrifice Experie |       |       |     1 |       ||     1
         Sacrifice a Hand  |       |       |       |     1 ||     1
         Sacrifice Forms   |       |       |       |     1 ||     1
         Sacrifice Arcana  |       |       |       |     1 ||     1
Ability: Exsanguinate      |     1 |       |       |       ||     1
         Revivify          |       |       |       |     1 ||     1
    Use: Scroll            |       |     3 |    12 |    21 ||    36
         Potion            |       |       |     1 |     9 ||    10
   Stab: Sleeping          |    10 |    22 |    57 |    43 ||   132
         Confused          |       |     4 |    10 |     4 ||    18
         Invisible         |       |       |     2 |     3 ||     5
         Distracted        |       |       |       |    12 ||    12
 Armour: Robe              |    17 |    19 |   132 |   407 ||   575
         Skin              |       |       |     7 |       ||     7
         Ring mail         |       |       |       |    41 ||    41
  Dodge: Dodged            |    23 |    69 |   307 |   789 ||  1188
  Block: Other             |       |     3 |    22 |    39 ||    64
         Buckler           |       |       |    14 |   167 ||   181

Table legend: (Time is in decaauts)
 A = Elapsed time spent in this place.
 B = Non-inter-level travel time spent in this place.
 C = Inter-level travel time spent in this place.
 D = Time resting spent in this place.
 E = Time spent auto-exploring this place.
 F = Levels seen in this place.
 G = Mean time per level.
                   A        B        C        D        E       F      G
               +--------+--------+--------+--------+--------+-----+--------+
         Total |  14456 |  13387 |   1069 |    685 |   8682 |  19 |  760.8 |
       Dungeon |   8960 |   8235 |    725 |    218 |   5697 |  11 |  814.5 |
        Temple |     12 |      8 |      4 |      0 |      0 |   1 |   12.0 |
          Lair |   4660 |   4320 |    340 |    250 |   2954 |   5 |  932.0 |
       Ossuary |    545 |    545 |      0 |    193 |     26 |   1 |  545.0 |
        Bailey |    277 |    277 |      0 |     24 |      5 |   1 |  277.0 |
               +--------+--------+--------+--------+--------+-----+--------+

Top non-repeatable levels by time:
  Lair:2: 1501 daAuts
  Lair:3: 1120 daAuts
     D:8: 1093 daAuts
  Lair:1: 1043 daAuts
     D:9: 1038 daAuts
    D:10: 1026 daAuts
     D:7: 956 daAuts
     D:3: 919 daAuts
  Lair:4: 891 daAuts
     D:2: 872 daAuts
     D:6: 823 daAuts
     D:4: 801 daAuts
     D:5: 694 daAuts
     D:1: 586 daAuts
 Ossuary: 545 daAuts
